Workbook

Sheet Resumo
A1: Resumo do fluxo de caixa
A2: Indicadores calculados a partir das abas Movimentos, Fluxo Diário e Parâmetros.
A4: Saldo inicial informado | B4: =IFERROR('Parâmetros'!$B$4,0) | D4: Entradas previstas no horizonte | E4: =IFERROR(SUMIFS(Movimentos!$I$4:$I$153,Movimentos!$D$4:$D$153,"Entrada",Movimentos!$J$4:$J$153,"Previsto",Movimentos!$B$4:$B$153,">="&'Parâmetros'!$B$5,Movimentos!$B$4:$B$153,"<="&'Parâmetros'!$B$5+'Parâmetros'!$B$6-1),0)
A5: Entradas realizadas desde a data base | B5: =IFERROR(SUMIFS(Movimentos!$I$4:$I$153,Movimentos!$D$4:$D$153,"Entrada",Movimentos!$J$4:$J$153,"Realizado",Movimentos!$C$4:$C$153,">="&'Parâmetros'!$B$5),0) | D5: Saídas previstas no horizonte | E5: =IFERROR(SUMIFS(Movimentos!$I$4:$I$153,Movimentos!$D$4:$D$153,"Saída",Movimentos!$J$4:$J$153,"Previsto",Movimentos!$B$4:$B$153,">="&'Parâmetros'!$B$5,Movimentos!$B$4:$B$153,"<="&'Parâmetros'!$B$5+'Parâmetros'!$B$6-1),0)
A6: Saídas realizadas desde a data base | B6: =IFERROR(SUMIFS(Movimentos!$I$4:$I$153,Movimentos!$D$4:$D$153,"Saída",Movimentos!$J$4:$J$153,"Realizado",Movimentos!$C$4:$C$153,">="&'Parâmetros'!$B$5),0) | D6: Saldo projetado no horizonte | E6: =IFERROR(VLOOKUP('Parâmetros'!$B$5+'Parâmetros'!$B$6-1,'Fluxo Diário'!$A$4:$G$103,4,FALSE),"")
A7: Saldo realizado | B7: =IFERROR(B4+B5-B6,"") | D7: Pendências de conferência | E7: =IFERROR(COUNTIF(Movimentos!$L$4:$L$153,"Informar*")+COUNTIF(Movimentos!$L$4:$L$153,"Completar*")+COUNTIF(Movimentos!$L$4:$L$153,"Conferir*"),0)
A8: Lançamentos ativos | B8: =IFERROR(COUNTIFS(Movimentos!$A$4:$A$153,"<>",Movimentos!$J$4:$J$153,"<>Cancelado"),0) | D8: Lançamentos vencidos | E8: =IFERROR(COUNTIFS(Movimentos!$A$4:$A$153,"<>",Movimentos!$J$4:$J$153,"Previsto",Movimentos!$B$4:$B$153,"<"&'Parâmetros'!$B$5),0)
A9: Data base | B9: =IFERROR('Parâmetros'!$B$5,"") | D9: Menor saldo projetado | E9: =IFERROR(MIN('Fluxo Diário'!$D$4:INDEX('Fluxo Diário'!$D$4:$D$103,'Parâmetros'!$B$6)),"")
A10: Situação do horizonte | B10: =IF(E8>0,"Conferir lançamentos vencidos",IF(E9<'Parâmetros'!$B$7,"Conferir saldo projetado","Sem alerta"))

Sheet Movimentos
A1: Movimentos do caixa
A2: Registre entradas e saídas; a coluna Conferência indica somente ações de revisão na planilha.
A3: ID | B3: Data prevista | C3: Data efetiva | D3: Tipo | E3: Categoria | F3: Descrição | G3: Quantidade | H3: Valor unitário | I3: Valor total | J3: Status | K3: Forma | L3: Conferência
A4: MOV-001 | B4: 46273 | C4: 46273 | D4: Entrada | E4: Serviços | F4: Atendimentos de corte — lote fictício | G4: 6 | H4: 85 | I4: =IF(COUNTA(G4:H4)=0,"",IF(OR(G4="",H4=""),"",IFERROR(G4*H4,""))) | J4: Realizado | K4: Pix | L4: =IF(COUNTA(A4:H4,J4:K4)=0,"",IF(A4="","Informar ID",IF(COUNTIF($A$4:$A$153,A4)>1,"Conferir ID duplicado",IF(OR(B4="",D4="",E4="",F4="",G4="",H4="",J4=""),"Completar lançamento",IF(J4="Cancelado","Ignorar",IF(AND(J4="Realizado",C4=""),"Informar data efetiva",IF(AND(J4="Realizado",K4=""),"Informar forma",IF(AND(J4<>"Realizado",C4<>""),"Conferir status/data",IF(AND(J4="Previsto",B4<'Parâmetros'!$B$5),"Conferir atraso","OK"))))))))) | N4: ='Parâmetros'!D4 | O4: =IFERROR(INDEX('Parâmetros'!$E$4:$E$6,ROW()-3),"") | P4: =IFERROR(INDEX('Parâmetros'!$F$4:$F$8,ROW()-3),"") | Q4: =IFERROR(INDEX('Parâmetros'!$G$4:$G$13,ROW()-3),"") | R4: ='Parâmetros'!B8 | S4: ='Parâmetros'!B10 | T4: ='Parâmetros'!B11
A5: MOV-002 | B5: 46273 | C5: 46273 | D5: Entrada | E5: Serviços | F5: Serviços de manicure — lote fictício | G5: 3 | H5: 65 | I5: =IF(COUNTA(G5:H5)=0,"",IF(OR(G5="",H5=""),"",IFERROR(G5*H5,""))) | J5: Realizado | K5: Cartão | L5: =IF(COUNTA(A5:H5,J5:K5)=0,"",IF(A5="","Informar ID",IF(COUNTIF($A$4:$A$153,A5)>1,"Conferir ID duplicado",IF(OR(B5="",D5="",E5="",F5="",G5="",H5="",J5=""),"Completar lançamento",IF(J5="Cancelado","Ignorar",IF(AND(J5="Realizado",C5=""),"Informar data efetiva",IF(AND(J5="Realizado",K5=""),"Informar forma",IF(AND(J5<>"Realizado",C5<>""),"Conferir status/data",IF(AND(J5="Previsto",B5<'Parâmetros'!$B$5),"Conferir atraso","OK"))))))))) | N5: ='Parâmetros'!D5 | O5: =IFERROR(INDEX('Parâmetros'!$E$4:$E$6,ROW()-3),"") | P5: =IFERROR(INDEX('Parâmetros'!$F$4:$F$8,ROW()-3),"") | Q5: =IFERROR(INDEX('Parâmetros'!$G$4:$G$13,ROW()-3),"") | R5: ='Parâmetros'!B9
A6: MOV-003 | B6: 46273 | C6: 46273 | D6: Saída | E6: Insumos | F6: Reposição fictícia de cosméticos | G6: 12 | H6: 22.5 | I6: =IF(COUNTA(G6:H6)=0,"",IF(OR(G6="",H6=""),"",IFERROR(G6*H6,""))) | J6: Realizado | K6: Pix | L6: =IF(COUNTA(A6:H6,J6:K6)=0,"",IF(A6="","Informar ID",IF(COUNTIF($A$4:$A$153,A6)>1,"Conferir ID duplicado",IF(OR(B6="",D6="",E6="",F6="",G6="",H6="",J6=""),"Completar lançamento",IF(J6="Cancelado","Ignorar",IF(AND(J6="Realizado",C6=""),"Informar data efetiva",IF(AND(J6="Realizado",K6=""),"Informar forma",IF(AND(J6<>"Realizado",C6<>""),"Conferir status/data",IF(AND(J6="Previsto",B6<'Parâmetros'!$B$5),"Conferir atraso","OK"))))))))) | O6: =IFERROR(INDEX('Parâmetros'!$E$4:$E$6,ROW()-3),"") | P6: =IFERROR(INDEX('Parâmetros'!$F$4:$F$8,ROW()-3),"") | Q6: =IFERROR(INDEX('Parâmetros'!$G$4:$G$13,ROW()-3),"")
A7: MOV-004 | B7: 46273 | C7: 46273 | D7: Saída | E7: Utilidades | F7: Conta operacional fictícia | G7: 1 | H7: 180 | I7: =IF(COUNTA(G7:H7)=0,"",IF(OR(G7="",H7=""),"",IFERROR(G7*H7,""))) | J7: Realizado | K7: Transferência | L7: =IF(COUNTA(A7:H7,J7:K7)=0,"",IF(A7="","Informar ID",IF(COUNTIF($A$4:$A$153,A7)>1,"Conferir ID duplicado",IF(OR(B7="",D7="",E7="",F7="",G7="",H7="",J7=""),"Completar lançamento",IF(J7="Cancelado","Ignorar",IF(AND(J7="Realizado",C7=""),"Informar data efetiva",IF(AND(J7="Realizado",K7=""),"Informar forma",IF(AND(J7<>"Realizado",C7<>""),"Conferir status/data",IF(AND(J7="Previsto",B7<'Parâmetros'!$B$5),"Conferir atraso","OK"))))))))) | O7: =IFERROR(INDEX('Parâmetros'!$E$4:$E$6,ROW()-3),"") | P7: =IFERROR(INDEX('Parâmetros'!$F$4:$F$8,ROW()-3),"") | Q7: =IFERROR(INDEX('Parâmetros'!$G$4:$G$13,ROW()-3),"")
A8: MOV-005 | B8: 46271 | D8: Saída | E8: Aluguel | F8: Aluguel previsto em conferência | G8: 1 | H8: 1400 | I8: =IF(COUNTA(G8:H8)=0,"",IF(OR(G8="",H8=""),"",IFERROR(G8*H8,""))) | J8: Previsto | L8: =IF(COUNTA(A8:H8,J8:K8)=0,"",IF(A8="","Informar ID",IF(COUNTIF($A$4:$A$153,A8)>1,"Conferir ID duplicado",IF(OR(B8="",D8="",E8="",F8="",G8="",H8="",J8=""),"Completar lançamento",IF(J8="Cancelado","Ignorar",IF(AND(J8="Realizado",C8=""),"Informar data efetiva",IF(AND(J8="Realizado",K8=""),"Informar forma",IF(AND(J8<>"Realizado",C8<>""),"Conferir status/data",IF(AND(J8="Previsto",B8<'Parâmetros'!$B$5),"Conferir atraso","OK"))))))))) | O8: =IFERROR(INDEX('Parâmetros'!$E$4:$E$6,ROW()-3),"") | P8: =IFERROR(INDEX('Parâmetros'!$F$4:$F$8,ROW()-3),"") | Q8: =IFERROR(INDEX('Parâmetros'!$G$4:$G$13,ROW()-3),"")
A9: MOV-006 | B9: 46274 | D9: Entrada | E9: Serviços | F9: Agenda prevista de coloração fictícia | G9: 8 | H9: 90 | I9: =IF(COUNTA(G9:H9)=0,"",IF(OR(G9="",H9=""),"",IFERROR(G9*H9,""))) | J9: Previsto | L9: =IF(COUNTA(A9:H9,J9:K9)=0,"",IF(A9="","Informar ID",IF(COUNTIF($A$4:$A$153,A9)>1,"Conferir ID duplicado",IF(OR(B9="",D9="",E9="",F9="",G9="",H9="",J9=""),"Completar lançamento",IF(J9="Cancelado","Ignorar",IF(AND(J9="Realizado",C9=""),"Informar data efetiva",IF(AND(J9="Realizado",K9=""),"Informar forma",IF(AND(J9<>"Realizado",C9<>""),"Conferir status/data",IF(AND(J9="Previsto",B9<'Parâmetros'!$B$5),"Conferir atraso","OK"))))))))) | O9: =IFERROR(INDEX('Parâmetros'!$E$4:$E$6,ROW()-3),"") | P9: =IFERROR(INDEX('Parâmetros'!$F$4:$F$8,ROW()-3),"") | Q9: =IFERROR(INDEX('Parâmetros'!$G$4:$G$13,ROW()-3),"")
A10: MOV-007 | B10: 46275 | D10: Saída | E10: Insumos | F10: Compra prevista de descartáveis | G10: 10 | H10: 25 | I10: =IF(COUNTA(G10:H10)=0,"",IF(OR(G10="",H10=""),"",IFERROR(G10*H10,""))) | J10: Previsto | L10: =IF(COUNTA(A10:H10,J10:K10)=0,"",IF(A10="","Informar ID",IF(COUNTIF($A$4:$A$153,A10)>1,"Conferir ID duplicado",IF(OR(B10="",D10="",E10="",F10="",G10="",H10="",J10=""),"Completar lançamento",IF(J10="Cancelado","Ignorar",IF(AND(J10="Realizado",C10=""),"Informar data efetiva",IF(AND(J10="Realizado",K10=""),"Informar forma",IF(AND(J10<>"Realizado",C10<>""),"Conferir status/data",IF(AND(J10="Previsto",B10<'Parâmetros'!$B$5),"Conferir atraso","OK"))))))))) | O10: =IFERROR(INDEX('Parâmetros'!$E$4:$E$6,ROW()-3),"") | P10: =IFERROR(INDEX('Parâmetros'!$F$4:$F$8,ROW()-3),"") | Q10: =IFERROR(INDEX('Parâmetros'!$G$4:$G$13,ROW()-3),"")
A11: MOV-008 | B11: 46276 | D11: Saída | E11: Marketing | F11: Anúncio fictício cancelado | G11: 1 | H11: 250 | I11: =IF(COUNTA(G11:H11)=0,"",IF(OR(G11="",H11=""),"",IFERROR(G11*H11,""))) | J11: Cancelado | L11: =IF(COUNTA(A11:H11,J11:K11)=0,"",IF(A11="","Informar ID",IF(COUNTIF($A$4:$A$153,A11)>1,"Conferir ID duplicado",IF(OR(B11="",D11="",E11="",F11="",G11="",H11="",J11=""),"Completar lançamento",IF(J11="Cancelado","Ignorar",IF(AND(J11="Realizado",C11=""),"Informar data efetiva",IF(AND(J11="Realizado",K11=""),"Informar forma",IF(AND(J11<>"Realizado",C11<>""),"Conferir status/data",IF(AND(J11="Previsto",B11<'Parâmetros'!$B$5),"Conferir atraso","OK"))))))))) | O11: =IFERROR(INDEX('Parâmetros'!$E$4:$E$6,ROW()-3),"") | P11: =IFERROR(INDEX('Parâmetros'!$F$4:$F$8,ROW()-3),"") | Q11: =IFERROR(INDEX('Parâmetros'!$G$4:$G$13,ROW()-3),"")
A12: MOV-009 | B12: 46278 | D12: Entrada | E12: Venda de produtos | F12: Venda prevista de produtos fictícios | G12: 4 | H12: 45 | I12: =IF(COUNTA(G12:H12)=0,"",IF(OR(G12="",H12=""),"",IFERROR(G12*H12,""))) | J12: Previsto | L12: =IF(COUNTA(A12:H12,J12:K12)=0,"",IF(A12="","Informar ID",IF(COUNTIF($A$4:$A$153,A12)>1,"Conferir ID duplicado",IF(OR(B12="",D12="",E12="",F12="",G12="",H12="",J12=""),"Completar lançamento",IF(J12="Cancelado","Ignorar",IF(AND(J12="Realizado",C12=""),"Informar data efetiva",IF(AND(J12="Realizado",K12=""),"Informar forma",IF(AND(J12<>"Realizado",C12<>""),"Conferir status/data",IF(AND(J12="Previsto",B12<'Parâmetros'!$B$5),"Conferir atraso","OK"))))))))) | O12: =IFERROR(INDEX('Parâmetros'!$E$4:$E$6,ROW()-3),"") | P12: =IFERROR(INDEX('Parâmetros'!$F$4:$F$8,ROW()-3),"") | Q12: =IFERROR(INDEX('Parâmetros'!$G$4:$G$13,ROW()-3),"")
A13: MOV-010 | B13: 46280 | D13: Saída | E13: Manutenção | F13: Revisão preventiva de equipamentos | G13: 1 | H13: 320 | I13: =IF(COUNTA(G13:H13)=0,"",IF(OR(G13="",H13=""),"",IFERROR(G13*H13,""))) | J13: Previsto | L13: =IF(COUNTA(A13:H13,J13:K13)=0,"",IF(A13="","Informar ID",IF(COUNTIF($A$4:$A$153,A13)>1,"Conferir ID duplicado",IF(OR(B13="",D13="",E13="",F13="",G13="",H13="",J13=""),"Completar lançamento",IF(J13="Cancelado","Ignorar",IF(AND(J13="Realizado",C13=""),"Informar data efetiva",IF(AND(J13="Realizado",K13=""),"Informar forma",IF(AND(J13<>"Realizado",C13<>""),"Conferir status/data",IF(AND(J13="Previsto",B13<'Parâmetros'!$B$5),"Conferir atraso","OK"))))))))) | O13: =IFERROR(INDEX('Parâmetros'!$E$4:$E$6,ROW()-3),"") | P13: =IFERROR(INDEX('Parâmetros'!$F$4:$F$8,ROW()-3),"") | Q13: =IFERROR(INDEX('Parâmetros'!$G$4:$G$13,ROW()-3),"")
I14: =IF(COUNTA(G14:H14)=0,"",IF(OR(G14="",H14=""),"",IFERROR(G14*H14,""))) | L14: =IF(COUNTA(A14:H14,J14:K14)=0,"",IF(A14="","Informar ID",IF(COUNTIF($A$4:$A$153,A14)>1,"Conferir ID duplicado",IF(OR(B14="",D14="",E14="",F14="",G14="",H14="",J14=""),"Completar lançamento",IF(J14="Cancelado","Ignorar",IF(AND(J14="Realizado",C14=""),"Informar data efetiva",IF(AND(J14="Realizado",K14=""),"Informar forma",IF(AND(J14<>"Realizado",C14<>""),"Conferir status/data",IF(AND(J14="Previsto",B14<'Parâmetros'!$B$5),"Conferir atraso","OK"))))))))) | O14: =IFERROR(INDEX('Parâmetros'!$E$4:$E$6,ROW()-3),"") | P14: =IFERROR(INDEX('Parâmetros'!$F$4:$F$8,ROW()-3),"") | Q14: =IFERROR(INDEX('Parâmetros'!$G$4:$G$13,ROW()-3),"")
I15: =IF(COUNTA(G15:H15)=0,"",IF(OR(G15="",H15=""),"",IFERROR(G15*H15,""))) | L15: =IF(COUNTA(A15:H15,J15:K15)=0,"",IF(A15="","Informar ID",IF(COUNTIF($A$4:$A$153,A15)>1,"Conferir ID duplicado",IF(OR(B15="",D15="",E15="",F15="",G15="",H15="",J15=""),"Completar lançamento",IF(J15="Cancelado","Ignorar",IF(AND(J15="Realizado",C15=""),"Informar data efetiva",IF(AND(J15="Realizado",K15=""),"Informar forma",IF(AND(J15<>"Realizado",C15<>""),"Conferir status/data",IF(AND(J15="Previsto",B15<'Parâmetros'!$B$5),"Conferir atraso","OK"))))))))) | O15: =IFERROR(INDEX('Parâmetros'!$E$4:$E$6,ROW()-3),"") | P15: =IFERROR(INDEX('Parâmetros'!$F$4:$F$8,ROW()-3),"") | Q15: =IFERROR(INDEX('Parâmetros'!$G$4:$G$13,ROW()-3),"")
I16: =IF(COUNTA(G16:H16)=0,"",IF(OR(G16="",H16=""),"",IFERROR(G16*H16,""))) | L16: =IF(COUNTA(A16:H16,J16:K16)=0,"",IF(A16="","Informar ID",IF(COUNTIF($A$4:$A$153,A16)>1,"Conferir ID duplicado",IF(OR(B16="",D16="",E16="",F16="",G16="",H16="",J16=""),"Completar lançamento",IF(J16="Cancelado","Ignorar",IF(AND(J16="Realizado",C16=""),"Informar data efetiva",IF(AND(J16="Realizado",K16=""),"Informar forma",IF(AND(J16<>"Realizado",C16<>""),"Conferir status/data",IF(AND(J16="Previsto",B16<'Parâmetros'!$B$5),"Conferir atraso","OK"))))))))) | O16: =IFERROR(INDEX('Parâmetros'!$E$4:$E$6,ROW()-3),"") | P16: =IFERROR(INDEX('Parâmetros'!$F$4:$F$8,ROW()-3),"") | Q16: =IFERROR(INDEX('Parâmetros'!$G$4:$G$13,ROW()-3),"")
I17: =IF(COUNTA(G17:H17)=0,"",IF(OR(G17="",H17=""),"",IFERROR(G17*H17,""))) | L17: =IF(COUNTA(A17:H17,J17:K17)=0,"",IF(A17="","Informar ID",IF(COUNTIF($A$4:$A$153,A17)>1,"Conferir ID duplicado",IF(OR(B17="",D17="",E17="",F17="",G17="",H17="",J17=""),"Completar lançamento",IF(J17="Cancelado","Ignorar",IF(AND(J17="Realizado",C17=""),"Informar data efetiva",IF(AND(J17="Realizado",K17=""),"Informar forma",IF(AND(J17<>"Realizado",C17<>""),"Conferir status/data",IF(AND(J17="Previsto",B17<'Parâmetros'!$B$5),"Conferir atraso","OK"))))))))) | O17: =IFERROR(INDEX('Parâmetros'!$E$4:$E$6,ROW()-3),"") | P17: =IFERROR(INDEX('Parâmetros'!$F$4:$F$8,ROW()-3),"") | Q17: =IFERROR(INDEX('Parâmetros'!$G$4:$G$13,ROW()-3),"")
I18: =IF(COUNTA(G18:H18)=0,"",IF(OR(G18="",H18=""),"",IFERROR(G18*H18,""))) | L18: =IF(COUNTA(A18:H18,J18:K18)=0,"",IF(A18="","Informar ID",IF(COUNTIF($A$4:$A$153,A18)>1,"Conferir ID duplicado",IF(OR(B18="",D18="",E18="",F18="",G18="",H18="",J18=""),"Completar lançamento",IF(J18="Cancelado","Ignorar",IF(AND(J18="Realizado",C18=""),"Informar data efetiva",IF(AND(J18="Realizado",K18=""),"Informar forma",IF(AND(J18<>"Realizado",C18<>""),"Conferir status/data",IF(AND(J18="Previsto",B18<'Parâmetros'!$B$5),"Conferir atraso","OK"))))))))) | O18: =IFERROR(INDEX('Parâmetros'!$E$4:$E$6,ROW()-3),"") | P18: =IFERROR(INDEX('Parâmetros'!$F$4:$F$8,ROW()-3),"") | Q18: =IFERROR(INDEX('Parâmetros'!$G$4:$G$13,ROW()-3),"")
I19: =IF(COUNTA(G19:H19)=0,"",IF(OR(G19="",H19=""),"",IFERROR(G19*H19,""))) | L19: =IF(COUNTA(A19:H19,J19:K19)=0,"",IF(A19="","Informar ID",IF(COUNTIF($A$4:$A$153,A19)>1,"Conferir ID duplicado",IF(OR(B19="",D19="",E19="",F19="",G19="",H19="",J19=""),"Completar lançamento",IF(J19="Cancelado","Ignorar",IF(AND(J19="Realizado",C19=""),"Informar data efetiva",IF(AND(J19="Realizado",K19=""),"Informar forma",IF(AND(J19<>"Realizado",C19<>""),"Conferir status/data",IF(AND(J19="Previsto",B19<'Parâmetros'!$B$5),"Conferir atraso","OK"))))))))) | O19: =IFERROR(INDEX('Parâmetros'!$E$4:$E$6,ROW()-3),"") | P19: =IFERROR(INDEX('Parâmetros'!$F$4:$F$8,ROW()-3),"") | Q19: =IFERROR(INDEX('Parâmetros'!$G$4:$G$13,ROW()-3),"")
I20: =IF(COUNTA(G20:H20)=0,"",IF(OR(G20="",H20=""),"",IFERROR(G20*H20,""))) | L20: =IF(COUNTA(A20:H20,J20:K20)=0,"",IF(A20="","Informar ID",IF(COUNTIF($A$4:$A$153,A20)>1,"Conferir ID duplicado",IF(OR(B20="",D20="",E20="",F20="",G20="",H20="",J20=""),"Completar lançamento",IF(J20="Cancelado","Ignorar",IF(AND(J20="Realizado",C20=""),"Informar data efetiva",IF(AND(J20="Realizado",K20=""),"Informar forma",IF(AND(J20<>"Realizado",C20<>""),"Conferir status/data",IF(AND(J20="Previsto",B20<'Parâmetros'!$B$5),"Conferir atraso","OK"))))))))) | O20: =IFERROR(INDEX('Parâmetros'!$E$4:$E$6,ROW()-3),"") | P20: =IFERROR(INDEX('Parâmetros'!$F$4:$F$8,ROW()-3),"") | Q20: =IFERROR(INDEX('Parâmetros'!$G$4:$G$13,ROW()-3),"")
I21: =IF(COUNTA(G21:H21)=0,"",IF(OR(G21="",H21=""),"",IFERROR(G21*H21,""))) | L21: =IF(COUNTA(A21:H21,J21:K21)=0,"",IF(A21="","Informar ID",IF(COUNTIF($A$4:$A$153,A21)>1,"Conferir ID duplicado",IF(OR(B21="",D21="",E21="",F21="",G21="",H21="",J21=""),"Completar lançamento",IF(J21="Cancelado","Ignorar",IF(AND(J21="Realizado",C21=""),"Informar data efetiva",IF(AND(J21="Realizado",K21=""),"Informar forma",IF(AND(J21<>"Realizado",C21<>""),"Conferir status/data",IF(AND(J21="Previsto",B21<'Parâmetros'!$B$5),"Conferir atraso","OK"))))))))) | O21: =IFERROR(INDEX('Parâmetros'!$E$4:$E$6,ROW()-3),"") | P21: =IFERROR(INDEX('Parâmetros'!$F$4:$F$8,ROW()-3),"") | Q21: =IFERROR(INDEX('Parâmetros'!$G$4:$G$13,ROW()-3),"")
I22: =IF(COUNTA(G22:H22)=0,"",IF(OR(G22="",H22=""),"",IFERROR(G22*H22,""))) | L22: =IF(COUNTA(A22:H22,J22:K22)=0,"",IF(A22="","Informar ID",IF(COUNTIF($A$4:$A$153,A22)>1,"Conferir ID duplicado",IF(OR(B22="",D22="",E22="",F22="",G22="",H22="",J22=""),"Completar lançamento",IF(J22="Cancelado","Ignorar",IF(AND(J22="Realizado",C22=""),"Informar data efetiva",IF(AND(J22="Realizado",K22=""),"Informar forma",IF(AND(J22<>"Realizado",C22<>""),"Conferir status/data",IF(AND(J22="Previsto",B22<'Parâmetros'!$B$5),"Conferir atraso","OK"))))))))) | O22: =IFERROR(INDEX('Parâmetros'!$E$4:$E$6,ROW()-3),"") | P22: =IFERROR(INDEX('Parâmetros'!$F$4:$F$8,ROW()-3),"") | Q22: =IFERROR(INDEX('Parâmetros'!$G$4:$G$13,ROW()-3),"")
I23: =IF(COUNTA(G23:H23)=0,"",IF(OR(G23="",H23=""),"",IFERROR(G23*H23,""))) | L23: =IF(COUNTA(A23:H23,J23:K23)=0,"",IF(A23="","Informar ID",IF(COUNTIF($A$4:$A$153,A23)>1,"Conferir ID duplicado",IF(OR(B23="",D23="",E23="",F23="",G23="",H23="",J23=""),"Completar lançamento",IF(J23="Cancelado","Ignorar",IF(AND(J23="Realizado",C23=""),"Informar data efetiva",IF(AND(J23="Realizado",K23=""),"Informar forma",IF(AND(J23<>"Realizado",C23<>""),"Conferir status/data",IF(AND(J23="Previsto",B23<'Parâmetros'!$B$5),"Conferir atraso","OK"))))))))) | O23: =IFERROR(INDEX('Parâmetros'!$E$4:$E$6,ROW()-3),"") | P23: =IFERROR(INDEX('Parâmetros'!$F$4:$F$8,ROW()-3),"") | Q23: =IFERROR(INDEX('Parâmetros'!$G$4:$G$13,ROW()-3),"")
I24: =IF(COUNTA(G24:H24)=0,"",IF(OR(G24="",H24=""),"",IFERROR(G24*H24,""))) | L24: =IF(COUNTA(A24:H24,J24:K24)=0,"",IF(A24="","Informar ID",IF(COUNTIF($A$4:$A$153,A24)>1,"Conferir ID duplicado",IF(OR(B24="",D24="",E24="",F24="",G24="",H24="",J24=""),"Completar lançamento",IF(J24="Cancelado","Ignorar",IF(AND(J24="Realizado",C24=""),"Informar data efetiva",IF(AND(J24="Realizado",K24=""),"Informar forma",IF(AND(J24<>"Realizado",C24<>""),"Conferir status/data",IF(AND(J24="Previsto",B24<'Parâmetros'!$B$5),"Conferir atraso","OK"))))))))) | O24: =IFERROR(INDEX('Parâmetros'!$E$4:$E$6,ROW()-3),"") | P24: =IFERROR(INDEX('Parâmetros'!$F$4:$F$8,ROW()-3),"") | Q24: =IFERROR(INDEX('Parâmetros'!$G$4:$G$13,ROW()-3),"")
I25: =IF(COUNTA(G25:H25)=0,"",IF(OR(G25="",H25=""),"",IFERROR(G25*H25,""))) | L25: =IF(COUNTA(A25:H25,J25:K25)=0,"",IF(A25="","Informar ID",IF(COUNTIF($A$4:$A$153,A25)>1,"Conferir ID duplicado",IF(OR(B25="",D25="",E25="",F25="",G25="",H25="",J25=""),"Completar lançamento",IF(J25="Cancelado","Ignorar",IF(AND(J25="Realizado",C25=""),"Informar data efetiva",IF(AND(J25="Realizado",K25=""),"Informar forma",IF(AND(J25<>"Realizado",C25<>""),"Conferir status/data",IF(AND(J25="Previsto",B25<'Parâmetros'!$B$5),"Conferir atraso","OK"))))))))) | O25: =IFERROR(INDEX('Parâmetros'!$E$4:$E$6,ROW()-3),"") | P25: =IFERROR(INDEX('Parâmetros'!$F$4:$F$8,ROW()-3),"") | Q25: =IFERROR(INDEX('Parâmetros'!$G$4:$G$13,ROW()-3),"")
... I153: =IF(COUNTA(G153:H153)=0,"",IF(OR(G153="",H153=""),"",IFERROR(G153*H153,""))) | L153: =IF(COUNTA(A153:H153,J153:K153)=0,"",IF(A153="","Informar ID",IF(COUNTIF($A$4:$A$153,A153)>1,"Conferir ID duplicado",IF(OR(B153="",D153="",E153="",F153="",G153="",H153="",J153=""),"Completar lançamento",IF(J153="Cancelado","Ignorar",IF(AND(J153="Realizado",C153=""),"Informar data efetiva",IF(AND(J153="Realizado",K153=""),"Informar forma",IF(AND(J153<>"Realizado",C153<>""),"Conferir status/data",IF(AND(J153="Previsto",B153<'Parâmetros'!$B$5),"Conferir atraso","OK"))))))))) | O153: =IFERROR(INDEX('Parâmetros'!$E$4:$E$6,ROW()-3),"") | P153: =IFERROR(INDEX('Parâmetros'!$F$4:$F$8,ROW()-3),"") | Q153: =IFERROR(INDEX('Parâmetros'!$G$4:$G$13,ROW()-3),"")

Sheet Fluxo Diário
A1: Fluxo diário projetado
A2: Os saldos partem da data base e usam somente os movimentos registrados na aba Movimentos.
A3: Data | B3: Entradas previstas | C3: Saídas previstas | D3: Saldo projetado | E3: Entradas realizadas | F3: Saídas realizadas | G3: Saldo realizado | H3: Conferência
A4: =IF('Parâmetros'!$B$5="","",'Parâmetros'!$B$5+ROW()-4) | B4: =IF($A4="","",IFERROR(SUMIFS(Movimentos!$I$4:$I$153,Movimentos!$B$4:$B$153,$A4,Movimentos!$D$4:$D$153,"Entrada",Movimentos!$J$4:$J$153,"<>Cancelado"),0)) | C4: =IF($A4="","",IFERROR(SUMIFS(Movimentos!$I$4:$I$153,Movimentos!$B$4:$B$153,$A4,Movimentos!$D$4:$D$153,"Saída",Movimentos!$J$4:$J$153,"<>Cancelado"),0)) | D4: =IF($A4="","",IFERROR('Parâmetros'!$B$4+B4-C4,"")) | E4: =IF($A4="","",IFERROR(SUMIFS(Movimentos!$I$4:$I$153,Movimentos!$C$4:$C$153,$A4,Movimentos!$D$4:$D$153,"Entrada",Movimentos!$J$4:$J$153,"Realizado"),0)) | F4: =IF($A4="","",IFERROR(SUMIFS(Movimentos!$I$4:$I$153,Movimentos!$C$4:$C$153,$A4,Movimentos!$D$4:$D$153,"Saída",Movimentos!$J$4:$J$153,"Realizado"),0)) | G4: =IF($A4="","",IFERROR('Parâmetros'!$B$4+E4-F4,"")) | H4: =IF($A4="","",IF(D4<'Parâmetros'!$B$7,"Conferir saldo projetado","OK"))
A5: =IF('Parâmetros'!$B$5="","",'Parâmetros'!$B$5+ROW()-4) | B5: =IF($A5="","",IFERROR(SUMIFS(Movimentos!$I$4:$I$153,Movimentos!$B$4:$B$153,$A5,Movimentos!$D$4:$D$153,"Entrada",Movimentos!$J$4:$J$153,"<>Cancelado"),0)) | C5: =IF($A5="","",IFERROR(SUMIFS(Movimentos!$I$4:$I$153,Movimentos!$B$4:$B$153,$A5,Movimentos!$D$4:$D$153,"Saída",Movimentos!$J$4:$J$153,"<>Cancelado"),0)) | D5: =IF($A5="","",IFERROR(D4+B5-C5,"")) | E5: =IF($A5="","",IFERROR(SUMIFS(Movimentos!$I$4:$I$153,Movimentos!$C$4:$C$153,$A5,Movimentos!$D$4:$D$153,"Entrada",Movimentos!$J$4:$J$153,"Realizado"),0)) | F5: =IF($A5="","",IFERROR(SUMIFS(Movimentos!$I$4:$I$153,Movimentos!$C$4:$C$153,$A5,Movimentos!$D$4:$D$153,"Saída",Movimentos!$J$4:$J$153,"Realizado"),0)) | G5: =IF($A5="","",IFERROR(G4+E5-F5,"")) | H5: =IF($A5="","",IF(D5<'Parâmetros'!$B$7,"Conferir saldo projetado","OK"))
A6: =IF('Parâmetros'!$B$5="","",'Parâmetros'!$B$5+ROW()-4) | B6: =IF($A6="","",IFERROR(SUMIFS(Movimentos!$I$4:$I$153,Movimentos!$B$4:$B$153,$A6,Movimentos!$D$4:$D$153,"Entrada",Movimentos!$J$4:$J$153,"<>Cancelado"),0)) | C6: =IF($A6="","",IFERROR(SUMIFS(Movimentos!$I$4:$I$153,Movimentos!$B$4:$B$153,$A6,Movimentos!$D$4:$D$153,"Saída",Movimentos!$J$4:$J$153,"<>Cancelado"),0)) | D6: =IF($A6="","",IFERROR(D5+B6-C6,"")) | E6: =IF($A6="","",IFERROR(SUMIFS(Movimentos!$I$4:$I$153,Movimentos!$C$4:$C$153,$A6,Movimentos!$D$4:$D$153,"Entrada",Movimentos!$J$4:$J$153,"Realizado"),0)) | F6: =IF($A6="","",IFERROR(SUMIFS(Movimentos!$I$4:$I$153,Movimentos!$C$4:$C$153,$A6,Movimentos!$D$4:$D$153,"Saída",Movimentos!$J$4:$J$153,"Realizado"),0)) | G6: =IF($A6="","",IFERROR(G5+E6-F6,"")) | H6: =IF($A6="","",IF(D6<'Parâmetros'!$B$7,"Conferir saldo projetado","OK"))
A7: =IF('Parâmetros'!$B$5="","",'Parâmetros'!$B$5+ROW()-4) | B7: =IF($A7="","",IFERROR(SUMIFS(Movimentos!$I$4:$I$153,Movimentos!$B$4:$B$153,$A7,Movimentos!$D$4:$D$153,"Entrada",Movimentos!$J$4:$J$153,"<>Cancelado"),0)) | C7: =IF($A7="","",IFERROR(SUMIFS(Movimentos!$I$4:$I$153,Movimentos!$B$4:$B$153,$A7,Movimentos!$D$4:$D$153,"Saída",Movimentos!$J$4:$J$153,"<>Cancelado"),0)) | D7: =IF($A7="","",IFERROR(D6+B7-C7,"")) | E7: =IF($A7="","",IFERROR(SUMIFS(Movimentos!$I$4:$I$153,Movimentos!$C$4:$C$153,$A7,Movimentos!$D$4:$D$153,"Entrada",Movimentos!$J$4:$J$153,"Realizado"),0)) | F7: =IF($A7="","",IFERROR(SUMIFS(Movimentos!$I$4:$I$153,Movimentos!$C$4:$C$153,$A7,Movimentos!$D$4:$D$153,"Saída",Movimentos!$J$4:$J$153,"Realizado"),0)) | G7: =IF($A7="","",IFERROR(G6+E7-F7,"")) | H7: =IF($A7="","",IF(D7<'Parâmetros'!$B$7,"Conferir saldo projetado","OK"))
A8: =IF('Parâmetros'!$B$5="","",'Parâmetros'!$B$5+ROW()-4) | B8: =IF($A8="","",IFERROR(SUMIFS(Movimentos!$I$4:$I$153,Movimentos!$B$4:$B$153,$A8,Movimentos!$D$4:$D$153,"Entrada",Movimentos!$J$4:$J$153,"<>Cancelado"),0)) | C8: =IF($A8="","",IFERROR(SUMIFS(Movimentos!$I$4:$I$153,Movimentos!$B$4:$B$153,$A8,Movimentos!$D$4:$D$153,"Saída",Movimentos!$J$4:$J$153,"<>Cancelado"),0)) | D8: =IF($A8="","",IFERROR(D7+B8-C8,"")) | E8: =IF($A8="","",IFERROR(SUMIFS(Movimentos!$I$4:$I$153,Movimentos!$C$4:$C$153,$A8,Movimentos!$D$4:$D$153,"Entrada",Movimentos!$J$4:$J$153,"Realizado"),0)) | F8: =IF($A8="","",IFERROR(SUMIFS(Movimentos!$I$4:$I$153,Movimentos!$C$4:$C$153,$A8,Movimentos!$D$4:$D$153,"Saída",Movimentos!$J$4:$J$153,"Realizado"),0)) | G8: =IF($A8="","",IFERROR(G7+E8-F8,"")) | H8: =IF($A8="","",IF(D8<'Parâmetros'!$B$7,"Conferir saldo projetado","OK"))
A9: =IF('Parâmetros'!$B$5="","",'Parâmetros'!$B$5+ROW()-4) | B9: =IF($A9="","",IFERROR(SUMIFS(Movimentos!$I$4:$I$153,Movimentos!$B$4:$B$153,$A9,Movimentos!$D$4:$D$153,"Entrada",Movimentos!$J$4:$J$153,"<>Cancelado"),0)) | C9: =IF($A9="","",IFERROR(SUMIFS(Movimentos!$I$4:$I$153,Movimentos!$B$4:$B$153,$A9,Movimentos!$D$4:$D$153,"Saída",Movimentos!$J$4:$J$153,"<>Cancelado"),0)) | D9: =IF($A9="","",IFERROR(D8+B9-C9,"")) | E9: =IF($A9="","",IFERROR(SUMIFS(Movimentos!$I$4:$I$153,Movimentos!$C$4:$C$153,$A9,Movimentos!$D$4:$D$153,"Entrada",Movimentos!$J$4:$J$153,"Realizado"),0)) | F9: =IF($A9="","",IFERROR(SUMIFS(Movimentos!$I$4:$I$153,Movimentos!$C$4:$C$153,$A9,Movimentos!$D$4:$D$153,"Saída",Movimentos!$J$4:$J$153,"Realizado"),0)) | G9: =IF($A9="","",IFERROR(G8+E9-F9,"")) | H9: =IF($A9="","",IF(D9<'Parâmetros'!$B$7,"Conferir saldo projetado","OK"))
A10: =IF('Parâmetros'!$B$5="","",'Parâmetros'!$B$5+ROW()-4) | B10: =IF($A10="","",IFERROR(SUMIFS(Movimentos!$I$4:$I$153,Movimentos!$B$4:$B$153,$A10,Movimentos!$D$4:$D$153,"Entrada",Movimentos!$J$4:$J$153,"<>Cancelado"),0)) | C10: =IF($A10="","",IFERROR(SUMIFS(Movimentos!$I$4:$I$153,Movimentos!$B$4:$B$153,$A10,Movimentos!$D$4:$D$153,"Saída",Movimentos!$J$4:$J$153,"<>Cancelado"),0)) | D10: =IF($A10="","",IFERROR(D9+B10-C10,"")) | E10: =IF($A10="","",IFERROR(SUMIFS(Movimentos!$I$4:$I$153,Movimentos!$C$4:$C$153,$A10,Movimentos!$D$4:$D$153,"Entrada",Movimentos!$J$4:$J$153,"Realizado"),0)) | F10: =IF($A10="","",IFERROR(SUMIFS(Movimentos!$I$4:$I$153,Movimentos!$C$4:$C$153,$A10,Movimentos!$D$4:$D$153,"Saída",Movimentos!$J$4:$J$153,"Realizado"),0)) | G10: =IF($A10="","",IFERROR(G9+E10-F10,"")) | H10: =IF($A10="","",IF(D10<'Parâmetros'!$B$7,"Conferir saldo projetado","OK"))
A11: =IF('Parâmetros'!$B$5="","",'Parâmetros'!$B$5+ROW()-4) | B11: =IF($A11="","",IFERROR(SUMIFS(Movimentos!$I$4:$I$153,Movimentos!$B$4:$B$153,$A11,Movimentos!$D$4:$D$153,"Entrada",Movimentos!$J$4:$J$153,"<>Cancelado"),0)) | C11: =IF($A11="","",IFERROR(SUMIFS(Movimentos!$I$4:$I$153,Movimentos!$B$4:$B$153,$A11,Movimentos!$D$4:$D$153,"Saída",Movimentos!$J$4:$J$153,"<>Cancelado"),0)) | D11: =IF($A11="","",IFERROR(D10+B11-C11,"")) | E11: =IF($A11="","",IFERROR(SUMIFS(Movimentos!$I$4:$I$153,Movimentos!$C$4:$C$153,$A11,Movimentos!$D$4:$D$153,"Entrada",Movimentos!$J$4:$J$153,"Realizado"),0)) | F11: =IF($A11="","",IFERROR(SUMIFS(Movimentos!$I$4:$I$153,Movimentos!$C$4:$C$153,$A11,Movimentos!$D$4:$D$153,"Saída",Movimentos!$J$4:$J$153,"Realizado"),0)) | G11: =IF($A11="","",IFERROR(G10+E11-F11,"")) | H11: =IF($A11="","",IF(D11<'Parâmetros'!$B$7,"Conferir saldo projetado","OK"))
A12: =IF('Parâmetros'!$B$5="","",'Parâmetros'!$B$5+ROW()-4) | B12: =IF($A12="","",IFERROR(SUMIFS(Movimentos!$I$4:$I$153,Movimentos!$B$4:$B$153,$A12,Movimentos!$D$4:$D$153,"Entrada",Movimentos!$J$4:$J$153,"<>Cancelado"),0)) | C12: =IF($A12="","",IFERROR(SUMIFS(Movimentos!$I$4:$I$153,Movimentos!$B$4:$B$153,$A12,Movimentos!$D$4:$D$153,"Saída",Movimentos!$J$4:$J$153,"<>Cancelado"),0)) | D12: =IF($A12="","",IFERROR(D11+B12-C12,"")) | E12: =IF($A12="","",IFERROR(SUMIFS(Movimentos!$I$4:$I$153,Movimentos!$C$4:$C$153,$A12,Movimentos!$D$4:$D$153,"Entrada",Movimentos!$J$4:$J$153,"Realizado"),0)) | F12: =IF($A12="","",IFERROR(SUMIFS(Movimentos!$I$4:$I$153,Movimentos!$C$4:$C$153,$A12,Movimentos!$D$4:$D$153,"Saída",Movimentos!$J$4:$J$153,"Realizado"),0)) | G12: =IF($A12="","",IFERROR(G11+E12-F12,"")) | H12: =IF($A12="","",IF(D12<'Parâmetros'!$B$7,"Conferir saldo projetado","OK"))
A13: =IF('Parâmetros'!$B$5="","",'Parâmetros'!$B$5+ROW()-4) | B13: =IF($A13="","",IFERROR(SUMIFS(Movimentos!$I$4:$I$153,Movimentos!$B$4:$B$153,$A13,Movimentos!$D$4:$D$153,"Entrada",Movimentos!$J$4:$J$153,"<>Cancelado"),0)) | C13: =IF($A13="","",IFERROR(SUMIFS(Movimentos!$I$4:$I$153,Movimentos!$B$4:$B$153,$A13,Movimentos!$D$4:$D$153,"Saída",Movimentos!$J$4:$J$153,"<>Cancelado"),0)) | D13: =IF($A13="","",IFERROR(D12+B13-C13,"")) | E13: =IF($A13="","",IFERROR(SUMIFS(Movimentos!$I$4:$I$153,Movimentos!$C$4:$C$153,$A13,Movimentos!$D$4:$D$153,"Entrada",Movimentos!$J$4:$J$153,"Realizado"),0)) | F13: =IF($A13="","",IFERROR(SUMIFS(Movimentos!$I$4:$I$153,Movimentos!$C$4:$C$153,$A13,Movimentos!$D$4:$D$153,"Saída",Movimentos!$J$4:$J$153,"Realizado"),0)) | G13: =IF($A13="","",IFERROR(G12+E13-F13,"")) | H13: =IF($A13="","",IF(D13<'Parâmetros'!$B$7,"Conferir saldo projetado","OK"))
A14: =IF('Parâmetros'!$B$5="","",'Parâmetros'!$B$5+ROW()-4) | B14: =IF($A14="","",IFERROR(SUMIFS(Movimentos!$I$4:$I$153,Movimentos!$B$4:$B$153,$A14,Movimentos!$D$4:$D$153,"Entrada",Movimentos!$J$4:$J$153,"<>Cancelado"),0)) | C14: =IF($A14="","",IFERROR(SUMIFS(Movimentos!$I$4:$I$153,Movimentos!$B$4:$B$153,$A14,Movimentos!$D$4:$D$153,"Saída",Movimentos!$J$4:$J$153,"<>Cancelado"),0)) | D14: =IF($A14="","",IFERROR(D13+B14-C14,"")) | E14: =IF($A14="","",IFERROR(SUMIFS(Movimentos!$I$4:$I$153,Movimentos!$C$4:$C$153,$A14,Movimentos!$D$4:$D$153,"Entrada",Movimentos!$J$4:$J$153,"Realizado"),0)) | F14: =IF($A14="","",IFERROR(SUMIFS(Movimentos!$I$4:$I$153,Movimentos!$C$4:$C$153,$A14,Movimentos!$D$4:$D$153,"Saída",Movimentos!$J$4:$J$153,"Realizado"),0)) | G14: =IF($A14="","",IFERROR(G13+E14-F14,"")) | H14: =IF($A14="","",IF(D14<'Parâmetros'!$B$7,"Conferir saldo projetado","OK"))
A15: =IF('Parâmetros'!$B$5="","",'Parâmetros'!$B$5+ROW()-4) | B15: =IF($A15="","",IFERROR(SUMIFS(Movimentos!$I$4:$I$153,Movimentos!$B$4:$B$153,$A15,Movimentos!$D$4:$D$153,"Entrada",Movimentos!$J$4:$J$153,"<>Cancelado"),0)) | C15: =IF($A15="","",IFERROR(SUMIFS(Movimentos!$I$4:$I$153,Movimentos!$B$4:$B$153,$A15,Movimentos!$D$4:$D$153,"Saída",Movimentos!$J$4:$J$153,"<>Cancelado"),0)) | D15: =IF($A15="","",IFERROR(D14+B15-C15,"")) | E15: =IF($A15="","",IFERROR(SUMIFS(Movimentos!$I$4:$I$153,Movimentos!$C$4:$C$153,$A15,Movimentos!$D$4:$D$153,"Entrada",Movimentos!$J$4:$J$153,"Realizado"),0)) | F15: =IF($A15="","",IFERROR(SUMIFS(Movimentos!$I$4:$I$153,Movimentos!$C$4:$C$153,$A15,Movimentos!$D$4:$D$153,"Saída",Movimentos!$J$4:$J$153,"Realizado"),0)) | G15: =IF($A15="","",IFERROR(G14+E15-F15,"")) | H15: =IF($A15="","",IF(D15<'Parâmetros'!$B$7,"Conferir saldo projetado","OK"))
A16: =IF('Parâmetros'!$B$5="","",'Parâmetros'!$B$5+ROW()-4) | B16: =IF($A16="","",IFERROR(SUMIFS(Movimentos!$I$4:$I$153,Movimentos!$B$4:$B$153,$A16,Movimentos!$D$4:$D$153,"Entrada",Movimentos!$J$4:$J$153,"<>Cancelado"),0)) | C16: =IF($A16="","",IFERROR(SUMIFS(Movimentos!$I$4:$I$153,Movimentos!$B$4:$B$153,$A16,Movimentos!$D$4:$D$153,"Saída",Movimentos!$J$4:$J$153,"<>Cancelado"),0)) | D16: =IF($A16="","",IFERROR(D15+B16-C16,"")) | E16: =IF($A16="","",IFERROR(SUMIFS(Movimentos!$I$4:$I$153,Movimentos!$C$4:$C$153,$A16,Movimentos!$D$4:$D$153,"Entrada",Movimentos!$J$4:$J$153,"Realizado"),0)) | F16: =IF($A16="","",IFERROR(SUMIFS(Movimentos!$I$4:$I$153,Movimentos!$C$4:$C$153,$A16,Movimentos!$D$4:$D$153,"Saída",Movimentos!$J$4:$J$153,"Realizado"),0)) | G16: =IF($A16="","",IFERROR(G15+E16-F16,"")) | H16: =IF($A16="","",IF(D16<'Parâmetros'!$B$7,"Conferir saldo projetado","OK"))
... A103: =IF('Parâmetros'!$B$5="","",'Parâmetros'!$B$5+ROW()-4) | B103: =IF($A103="","",IFERROR(SUMIFS(Movimentos!$I$4:$I$153,Movimentos!$B$4:$B$153,$A103,Movimentos!$D$4:$D$153,"Entrada",Movimentos!$J$4:$J$153,"<>Cancelado"),0)) | C103: =IF($A103="","",IFERROR(SUMIFS(Movimentos!$I$4:$I$153,Movimentos!$B$4:$B$153,$A103,Movimentos!$D$4:$D$153,"Saída",Movimentos!$J$4:$J$153,"<>Cancelado"),0)) | D103: =IF($A103="","",IFERROR(D102+B103-C103,"")) | E103: =IF($A103="","",IFERROR(SUMIFS(Movimentos!$I$4:$I$153,Movimentos!$C$4:$C$153,$A103,Movimentos!$D$4:$D$153,"Entrada",Movimentos!$J$4:$J$153,"Realizado"),0)) | F103: =IF($A103="","",IFERROR(SUMIFS(Movimentos!$I$4:$I$153,Movimentos!$C$4:$C$153,$A103,Movimentos!$D$4:$D$153,"Saída",Movimentos!$J$4:$J$153,"Realizado"),0)) | G103: =IF($A103="","",IFERROR(G102+E103-F103,"")) | H103: =IF($A103="","",IF(D103<'Parâmetros'!$B$7,"Conferir saldo projetado","OK"))

Sheet Parâmetros
A1: Parâmetros do fluxo de caixa
A2: Edite as premissas e listas destacadas em rosa; os exemplos e nomes são fictícios.
A3: Premissa | B3: Valor | C3: Orientação | D3: Tipos | E3: Status | F3: Formas | G3: Categorias
A4: Saldo inicial | B4: 3000 | C4: Caixa disponível antes dos lançamentos da data base. | D4: Entrada | E4: Previsto | F4: Dinheiro | G4: Serviços
A5: Data base | B5: 46273 | C5: Primeiro dia considerado no saldo diário. | D5: Saída | E5: Realizado | F5: Pix | G5: Venda de produtos
A6: Horizonte de projeção (dias) | B6: 30 | C6: Use um valor de 1 a 100 dias. | E6: Cancelado | F6: Cartão | G6: Insumos
A7: Limite de alerta do saldo | B7: 500 | C7: Apenas sinaliza valores abaixo deste limite. | F7: Transferência | G7: Aluguel
A8: Data mínima permitida | B8: 45292 | C8: Limite editável para datas dos movimentos. | F8: Outro | G8: Utilidades
A9: Data máxima permitida | B9: 47483 | C9: Limite editável para datas dos movimentos. | G9: Marketing
A10: Quantidade máxima | B10: 10000 | C10: Limite editável para quantidade por lançamento. | G10: Manutenção
A11: Valor unitário máximo | B11: 100000 | C11: Limite editável para valor unitário. | G11: Equipe
G12: Tarifas operacionais
G13: Outros
